 Dungeon Crawl Stone Soup version 0.31-a0-496-g6f97920a28 (webtiles) character file.

Game seed: 15266830943997020866

0 AstroCodex24 the Trooper (level 1, -4/17 HPs)
             Began as a Vampire Fighter on Aug 8, 2023.
             Slain by a gnoll
             ... wielding a +0 club
              (7 damage)
             ... on level 1 of the Dungeon.
             The game lasted 00:00:16 (47 turns).

AstroCodex24 the Trooper (Vampire Fighter)            Turns: 47, Time: 00:00:16

Health: -4/17      AC:  6    Str: 15    XL:     1   Next: 8%
Magic:  1/1        EV:  8    Int: 10    God:
Gold:   15         SH:  4    Dex: 13    Spells: 0/0 levels left

rFire   . . .        a - +0 war axe
rCold   . . .        c - +0 buckler
rNeg    . . .        b - +0 scale mail
rPois   .            (no helmet)
rElec   .            (no cloak)
rCorr   .            (no gloves)
SInv    +            (no boots)
Will    .....        (no amulet) Stlth
                     (no ring)
HPRegen 0.42/turn    (no ring)
MPRegen 0.07/turn

%: no passive effects
@: healing quickly
A: alive, fangs 3, see invisible, vampiric 1
a: Exsanguinate


You were on level 1 of the Dungeon.
You visited 1 branch of the dungeon, and saw 1 of its levels.

You collected 15 gold pieces.

Inventory:

Hand Weapons
 a - a +0 war axe (weapon)
Armour
 b - a +0 scale mail (worn)
 c - a +0 buckler (worn)
Potions
 d - a potion of might
 e - a potion of mutation {unknown}


   Skills:
 + Level 2.7 Fighting
 + Level 1.7 Axes
 + Level 2.4 Armour
 + Level 2.6 Shields


You couldn't memorise any spells.
You didn't know any spells.
Your spell library was empty.

Dungeon Overview and Level Annotations

Branches:
Dungeon (1/15)

Altars:


Innate Abilities, Weirdness & Mutations

Your natural rate of healing is accelerated.
You have razor-sharp teeth.
You have supernaturally acute eyesight. (SInv)
You are afflicted with vampirism.


Message History

Welcome, AstroCodex24 the Vampire Fighter.
Will you be the one to retrieve the fabled Orb of Zot from the depths?
Press ? for a list of commands and other information.
Found a staircase leading out of the dungeon.
You open the door.
Found 15 gold pieces.
There is an open door here.
You enter the shallow water.
Moving in this stuff is going to be slow.
You open the door.
You now have 15 gold pieces.
Found a sedimented puce potion.
Found a leather armour.
e - a sedimented puce potion
Found an escape hatch in the floor.
Found a stone staircase leading down.
Found 14 gold pieces.
Found a chain mail.
Found an orange potion.
A gnoll comes into view. It is wielding a +0 club.
A rat comes into view.
Found a sedimented puce potion.
The rat moves out of view.
You see here 14 gold pieces.
The gnoll hits you with a +0 club.
You closely miss the gnoll. The gnoll hits you with a +0 club.
The gnoll hits you but does no damage.
You closely miss the gnoll. You hit the rat.
You kill the rat!
The gnoll hits you with a +0 club.
You completely miss the gnoll. The gnoll barely misses you.
The gnoll hits you with a +0 club.
* * * LOW HITPOINT WARNING * * *
You slash the gnoll!
The gnoll is severely wounded.
The gnoll hits you with a +0 club!
You die...

...~~P#'#P~~..
.......!.....~~~~~~~~~♣.
........[....~~♣#'#♣~~..
..............P##.##♣...
.....!. #....# #.<.###..
....... #....#########..
#......##>...>..........
#.....†.................
......g@$...............
##....####......####....
#... #..####.........
#.. ....## ######..[. #.
..... #.... # ..#...
##### . #... ####


You could see a gnoll.

Vanquished Creatures
  A rat (D:1)
1 creature vanquished.

Notes
Turn   | Place    | Note
-------+----------+-------------------------------------------
     0 | D:1      | AstroCodex24 the Vampire Fighter began the quest for the
                  | Orb.
     0 | D:1      | Reached XP level 1. HP: 17/17 MP: 1/1
    47 | D:1      | Slain by a gnoll

Illustrated notes

Levels and vault maps discovered:
D:1:      sevenhm_arrival_forest_fort_small_4, layout_rooms

Action                     || total
---------------------------++-------
  Melee: War axe           ||     4
 Armour: Scale mail        ||     1
  Dodge: Dodged            ||     1

Table legend: (Time is in decaauts)
 A = Elapsed time spent in this place.
 B = Non-inter-level travel time spent in this place.
 C = Inter-level travel time spent in this place.
 D = Time resting spent in this place.
 E = Time spent auto-exploring this place.
 F = Levels seen in this place.
 G = Mean time per level.
                   A        B        C        D        E       F      G
               +--------+--------+--------+--------+--------+-----+--------+
         Total |     52 |     52 |      0 |      0 |      0 |   1 |   52.0 |
       Dungeon |     52 |     52 |      0 |      0 |      0 |   1 |   52.0 |
               +--------+--------+--------+--------+--------+-----+--------+

Top non-repeatable levels by time:
     D:1: 52 daAuts
